 Dungeon Crawl Stone Soup version 0.14.2 (webtiles) character file.

27 Amnesiac the Charlatan (level 1, -1/10 HPs)
             Began as a Spriggan Artificer on Feb 4, 2018.
             Hit by a poisoned dart thrown by a kobold (2 damage)
             ... on Level 1 of the Dungeon.
             The game lasted 00:00:14 (198 turns).

Amnesiac the Charlatan (Spriggan Artificer)          Turns: 198, Time: 00:00:14

HP  -1/10        AC  2     Str  7      XL: 1   Next: 41%
MP   2/2         EV 18     Int 13      God:
Gold 24          SH  0     Dex 16      Spells:  0 memorised,  0 levels left

rFire  . . .     SeeInvis +     a - +0 short sword
rCold  . . .     Clarity  .     e - +0 robe
rNeg   . . .     Conserve .     (shield restricted)
rPois  .         rCorr    .     (helmet restricted)
rElec  .         rRot     .     (no cloak)
SustAb . .       Spirit   .     (gloves unavailable)
rMut   .         Warding  .     (boots unavailable)
Saprov . . .     Stasis   .     (no amulet)
MR     .....                    (no ring)
                                (no ring)

@: lethally poisoned, very quick, not resistant to hostile enchantments, fairly
stealthy
A: unfitting armour, see invisible, herbivore 3, speed 3, slow metabolism 2
a: no special abilities


You were on level 1 of the Dungeon.
You were not hungry.

You visited 1 branch of the dungeon, and saw 1 of its levels.

You collected 24 gold pieces.

Inventory:

Hand weapons
 a - a +0,+0 short sword (weapon)
Armour
 e - a +0 robe (worn)
Magical devices
 b - a wand of flame (15)
 c - a wand of enslavement (15)
 d - a wand of random effects (15)
Scrolls
 g - a scroll of identify {!r, unknown}
Potions
 f - a potion of porridge {!q}
 h - a potion of agility {!q, unknown}
 i - a potion of curing {!q, unknown}
 j - a potion of brilliance {!q, unknown}


   Skills:
 - Level 1.1 Fighting
 + Level 1.2 Short Blades
 - Level 3.0 Dodging
 - Level 1.5 Stealth
 - Level 4.0 Evocations


You couldn't memorise any spells.
You didn't know any spells.

Dungeon Overview and Level Annotations

Branches:
Dungeon (1/15)

Altars:


Innate Abilities, Weirdness & Mutations

You are tiny and cannot use many weapons and most armour.
You have supernaturally acute eyesight.
You are a herbivore.
You cover ground extremely quickly.
You need consume almost no food.


Message History

You hit the giant newt.
The giant newt is moderately wounded.
The giant newt closely misses you.
You hit the giant newt.
You kill the giant newt!
No target in view!
You now have 6 gold pieces.
i - a fuming cyan potion {!q}
j - a slimy red potion {!q} A giant gecko comes into view.
Found 7 gold pieces.
Found a stone staircase leading down.
You hit the giant gecko but do no damage.
The giant gecko misses you.
You hit the giant gecko.
The giant gecko is heavily wounded.
The giant gecko misses you. The giant gecko barely misses you.
You hit the giant gecko but do no damage.
The giant gecko is heavily wounded.
The giant gecko closely misses you.
You barely miss the giant gecko.
The giant gecko is heavily wounded.
The giant gecko completely misses you.
You closely miss the giant gecko.
The giant gecko is heavily wounded.
The giant gecko hisses menacingly.
The giant gecko misses you.
You hit the giant gecko.
The giant gecko is almost dead.
The giant gecko closely misses you. The giant gecko bites you.
You hit the giant gecko.
You kill the giant gecko!
Your Fighting skill increases to level 1!
You start resting.
You now have 13 gold pieces (gained 7).
A rat comes into view.
A rat is nearby!
A rat is nearby!
There is a stone staircase leading down here.
The rat closely misses you.
You hit the rat but do no damage. The rat closely misses you.
You hit the rat.
You kill the rat!
No target in view!
No target in view!
You see here a rat corpse.
You now have 24 gold pieces (gained 11).
A kobold comes into view. It is wielding a dagger.
A giant newt, a rat, a goblin and a kobold come into view.
There are monsters nearby!
There are monsters nearby!
The kobold shouts!
The kobold throws a poisoned dart.
The poisoned dart hits you! The goblin hits you with a dagger.
You see here a poisoned dart.
You closely miss the goblin.
The kobold shouts!
The kobold throws a poisoned dart.
The poisoned dart hits you! The goblin hits you with a dagger.
Ouch! That really hurt!
* * * LOW HITPOINT WARNING * * *
The kobold throws a poisoned dart.
The poisoned dart hits you!
You are lethally poisoned!
You die...

...#......
..bK.......
...........
#........
#..l.K..#####
#...........#
#......g....#
#..?..(..r..#
###..@......#
#.#########
#.# ######.##
#.......#
#.......#
#.......#
######.## #.#


You could see a goblin, a bat, 2 kobolds, a giant newt and a rat.

Vanquished Creatures
  A giant gecko (D:1)
  A giant newt (D:1)
  A rat (D:1)
3 creatures vanquished.

Notes
Turn   | Place    | Note
--------------------------------------------------------------
     0 | D:1      | Amnesiac, the Spriggan Artificer, began the quest for the Orb.
     0 | D:1      | Reached XP level 1. HP: 9/9 MP: 2/2
    58 | D:1      | Reached skill level 1 in Fighting
   198 | D:1      | Hit by a poisoned dart thrown by a kobold

Action                   || total
-------------------------++-------
Melee: Short sword       ||    13
